 Dungeon Crawl Stone Soup version 0.29.1-2-gbd0b4ee654 (webtiles) character file.

Game seed: 6840769900921589668

114 safid the Shooter (level 4, -4/41 HPs)
             Began as a Minotaur Hunter on Nov 4, 2022.
             Slain by a gnoll
             ... wielding a +0 halberd
             ... led by a gnoll bouda
              (11 damage)
             ... on level 4 of the Dungeon.
             The game lasted 00:03:54 (3002 turns).

safid the Shooter (Minotaur Hunter)                 Turns: 3002, Time: 00:03:54

Health: -4/41      AC:  3    Str: 16    XL:     4   Next: 66%
Magic:  3/3        EV: 12    Int:  6    God:
Gold:   171        SH:  0    Dex: 15    Spells: 3/3 levels left

rFire   . . .      SeeInvis .   a - +0 shortbow
rCold   . . .      Faith    .   (shield currently unavailable)
rNeg    + . .      Spirit   .   c - +0 leather armour
rPois   +          Reflect  .   (helmet restricted)
rElec   .          Harm     .   (no cloak)
rCorr   .          Rampage  .   (no gloves)
Will    .....                   (no boots)
Stlth   +.........              (no amulet)
HPRegen 0.13/turn               t - ring of poison resistance
MPRegen 0.08/turn               p - ring of positive energy

@: no status effects
A: horns 2, retaliatory headbutt
a: no special abilities


You were on level 4 of the Dungeon.
You visited 1 branch of the dungeon, and saw 4 of its levels.

You collected 171 gold pieces.

Inventory:

Hand Weapons
 a - a +0 shortbow (weapon)
Armour
 c - a +0 leather armour (worn)
Jewellery
 k - a +4 ring of evasion
 p - a ring of positive energy (right hand)
 t - a ring of poison resistance (left hand)
Scrolls
 b - 2 scrolls of enchant weapon {unknown}
 d - 3 scrolls of blinking {unknown}
 e - a scroll of noise {unknown}
 f - a scroll of magic mapping {unknown}
 g - a scroll of summoning {unknown}
 i - a scroll of brand weapon {unknown}
 m - 2 scrolls of vulnerability {unknown}
 n - a scroll of identify {unknown}
 s - a scroll of teleportation {unknown}
Potions
 h - 2 potions of attraction {unknown}
 j - a potion of mutation {unknown}
 l - 2 potions of brilliance {unknown}
 o - a potion of heal wounds {unknown}
 q - a potion of invisibility {unknown}
 r - a potion of lignification {unknown}


   Skills:
 + Level 4.5 Fighting
 + Level 5.6 Ranged Weapons
 - Level 2.1 Dodging
 - Level 0.7 Stealth


You had 3 spell levels left.
You didn't know any spells.
Your spell library contained the following spells:

 Spells                   Type           Power      Damage    Failure   Level
 Confusing Touch          Hex            0%         N/A       88%         3
 Yara's Violent Unravell  Hex/Tmut       0%         3d3       100%        5
 Enfeeble                 Hex            0%         N/A       100%        7


Dungeon Overview and Level Annotations

Branches:
Dungeon (4/15)
 Temple: D:4-7

Altars:
Gozag
Hepliaklqana
Qazlal
Uskayaw
Xom
Yredelemnul


Innate Abilities, Weirdness & Mutations

You have a pair of horns on your head.
You reflexively headbutt those who attack you in melee.


Message History

A gnoll comes into view. It is wielding a +0 club.
You shoot an arrow. The arrow barely misses the gnoll.
The gnoll shouts!
You hear a shout!
You shoot an arrow. The arrow hits the gnoll.
The gnoll is heavily wounded.
A gnoll bouda comes into view. It is wielding a +0 whip.
You shoot an arrow. The arrow hits the gnoll.
The gnoll is heavily wounded.
The gnoll bouda barks out a call to the hunt!
The gnolls pick up the pace!
A jackal comes into view.
You hear the slow hiss of a distant avalanche of sand.
The gnoll attacks as you move away! The gnoll barely misses you.
The gnoll bouda gazes fiercely through you!
You feel your attacks grow feeble.
The gnoll hits you from afar with a +0 halberd.
You shoot an arrow. The arrow hits the gnoll.
The gnoll is almost dead.
The gnoll hits you with a +0 club. The gnoll closely misses you.
You shoot an arrow. The arrow barely misses the gnoll.
The gnoll hits you with a +0 club. The gnoll hits you with a +0 whip.
The gnoll hits you from afar with a +0 halberd!
* * * LOW HITPOINT WARNING * * *
You are too injured to fight recklessly!
Unknown command.
Unknown command.
The gnoll attacks as you move away! The gnoll barely misses you.
You furiously retaliate!
You headbutt the gnoll. The gnoll misses you.
Your attacks no longer feel as feeble.
The gnoll misses you. The gnoll hits you with a +0 club.
* * * LOW HITPOINT WARNING * * *
The gnoll barely misses you. You furiously retaliate!
You headbutt the gnoll.
Unknown command.
The gnoll attacks as you move away! The gnoll hits you with a +0 whip.
* * * LOW HITPOINT WARNING * * *
Unknown command.
The gnoll attacks as you move away! The gnoll hits you with a +0 club.
* * * LOW HITPOINT WARNING * * *
The gnoll hits you from afar with a +0 halberd!
You die...

.....# #..#
..... #..##
....# #...#
...!#######..##
..............#
.####.......g.##
########..g##
###gg### ###@.##
##..########
##.........
#..###### #..#
#.># #..# #..#
#..###


You could see a gnoll bouda and 3 gnolls.

Vanquished Creatures
  4 adders (D:3)
  2 worms (D:2)
  A dart slug (D:1)
  4 orcs (D:3)
  9 endoplasms
  A giant cockroach (D:2)
  3 goblins
  5 hobgoblins
  2 jackals (D:1)
  4 quokkas
  6 ball pythons
  7 bats
  5 frilled lizards
  8 kobolds
  6 rats
67 creatures vanquished.

Notes
Turn   | Place    | Note
-------+----------+-------------------------------------------
     0 | D:1      | safid the Minotaur Hunter began the quest for the Orb.
     0 | D:1      | Reached XP level 1. HP: 18/18 MP: 0/0
   105 | D:1      | Reached XP level 2. HP: 17/25 MP: 1/1
  1131 | D:2      | Reached skill level 5 in Ranged Weapons
  1131 | D:2      | Reached XP level 3. HP: 31/31 MP: 2/2
  1719 | D:3      | Reached XP level 4. HP: 23/40 MP: 3/3
  1935 | D:3      | Found a faded altar of an unknown god.
  1995 | D:3      | Found a hazy altar of Hepliaklqana.
  1996 | D:3      | Found an opulent altar of Gozag.
  1998 | D:3      | Found a stormy altar of Qazlal.
  1998 | D:3      | Found a shimmering altar of Xom.
  2000 | D:3      | Found a hide-covered altar of Uskayaw.
  2001 | D:3      | Found a basalt altar of Yredelemnul.
  3002 | D:4      | Slain by a gnoll

Illustrated notes

Levels and vault maps discovered:
D:1:      grunt_arrival_lava_bath, layout_basic, minmay_indecisive_spiral
D:2:      minmay_evil_eye, layout_loops_ring
D:3:      layout_loops_corners, grunt_temple_overflow_open,
          nicolae_ecumenical_snake_handling
D:4:      layout_cave_pods, mainiacjoe_overflow_alcove_1, enter_ossuary_1

Skill      XL: |  1  2  3 |
---------------+----------+-----
Fighting       | 3 4 |  4.5
Ranged Weapons | 5 |  5.6
Dodging        | |  2.1
Stealth        | |  0.7

Action                   |  1- 3 |  4- 6 || total
-------------------------+-------+-------++-------
 Fire: Shortbow          |   117 |    54 ||   171
Armor: Leather armour    |    21 |     2 ||    23
Dodge: Dodged            |    42 |    16 ||    58
